 Dungeon Crawl Stone Soup version 0.26-b1-32-g5d43845318 (webtiles) character file.

Game seed: 3778890711941929272

71 HungrySpirit the Poker (level 4, 0/39 (40) HPs)
             Began as a Merfolk Fighter on Jan 11, 2021.
             Succumbed to Crazy Yiuf's poison
             ... on level 2 of the Dungeon.
             The game lasted 00:02:18 (1705 turns).

HungrySpirit the Poker (Merfolk Fighter)            Turns: 1705, Time: 00:02:19

HP:   0/39 (40)     AC:  7    Str: 17    XL:     4   Next: 24%
MP:   4/4           EV: 10    Int:  7    God:
Gold: 109           SH:  0    Dex: 13    Spells: 3/3 levels left

rFire    . . .     SeeInvis .   a - +0 trident
rCold    + . .     Faith    .   (no shield)
rNeg     . . .     Spirit   .   b - +0 scale mail
rPois    .         Reflect  .   (helmet restricted)
rElec    .         Harm     .   (no cloak)
rCorr    .         Rampage  .   (no gloves)
Will     .....                  v - +0 pair of boots
Stlth    ..........             (no amulet)
HPRegen  0.13/turn              (no ring)
MPRegen  0.09/turn              (no ring)

@: mighty, lethally poisoned (0 -> -13), flying, lightly drained
A: change form in water, swift swim, stealthy swim, horns 1, cold resistance 1,
robust 1, no potion heal 1
a: no special abilities


You were on level 2 of the Dungeon.
You visited 1 branch of the dungeon, and saw 2 of its levels.

You collected 109 gold pieces.

Inventory:

Hand Weapons
 a - a +0 trident (weapon)
Missiles
 g - a throwing net (quivered)
Armour
 b - a +0 scale mail (worn)
 c - a +0 kite shield
 v - a +0 pair of boots (worn)
Jewellery
 f - an uncursed ring of willpower {unknown}
 p - an uncursed ring of resist corrosion {unknown}
Wands
 x - a wand of enslavement (6)
Scrolls
 j - a scroll of enchant weapon {unknown}
 k - 2 scrolls of teleportation {unknown}
 l - 4 scrolls of identify {unknown}
 o - a scroll of remove curse {unknown}
 r - 3 scrolls of fog {unknown}
 u - 3 scrolls of amnesia {unknown}
 w - a scroll of magic mapping {unknown}
 y - a scroll of fear {unknown}
Potions
 d - a potion of might
 i - a potion of curing {unknown}
 m - a potion of brilliance {unknown}
 n - a potion of magic {unknown}
 q - a potion of resistance
 s - a potion of lignification {unknown}
 t - a potion of ambrosia {unknown}


   Skills:
 + Level 3.7 Fighting
 * Level 4.3 Polearms
 + Level 2.4 Armour
 + Level 1.8 Dodging
 + Level 3.4 Shields


You had 3 spell levels left.
You didn't know any spells.
Your spell library was empty.

Dungeon Overview and Level Annotations

Branches:
Dungeon (2/15)

Altars:
Uskayaw

Annotations:
D:2 Crazy Yiuf


Innate Abilities, Weirdness & Mutations

You revert to your normal form in water.
You are very nimble and swift while swimming.
You are very stealthy in the water. (Stealth+)
You have a pair of small horns on your head.
Your flesh is cold resistant. (rC+)
You are robust. (+10% HP)
Potions are less effective at restoring your health.


Message History

You are electrocuted!!
Ouch! That really hurt!
* * * LOW HITPOINT WARNING * * *
You puncture Crazy Yiuf!
Crazy Yiuf is almost dead.
* * * LOW HITPOINT WARNING * * *
You feel sick.
Crazy Yiuf hits you with a +4 quarterstaff of chaos.
* * * LOW HITPOINT WARNING * * *
You are more poisoned.
It was a potion of flight.
You feel very buoyant.
You fly up into the air.
* * * LOW HITPOINT WARNING * * *
You feel sick. Crazy Yiuf hits you but does no damage.
You feel drained.
It was a potion of mutation.
You feel extremely strange. A pair of horns grows on your head!
Your system partially rejects the healing effects of potions.
You feel resistant to cold.
You feel robust.
You die...

#.......#####....####.#.........
#.#####.# #....# #....#...#.#
#.......# ♣....♣ #.##.####.##
######### ♣...♣♣ ##.#.######
♣♣.♣♣ #.##....#### ♣.♣♣
####.......# ♣♣.♣ #.......# ♣.♣♣
#.......# ♣♣@♣ #.......# #g#
#.......# ... #.......# #...#
#.......# #..)# ######### #####
### #.# ######.# ####
#.#.##.#######...


You could see Crazy Yiuf.

Vanquished Creatures
  3 adders (D:2)
  A leopard gecko (D:2)
  6 bats
  A giant cockroach (D:2)
  8 hobgoblins
  4 kobolds
  A quokka (D:2)
  A ball python (D:1)
  4 frilled lizards
  9 goblins
  2 rats (D:2)
40 creatures vanquished.

Notes
Turn   | Place    | Note
-------+----------+-------------------------------------------
     0 | D:1      | HungrySpirit the Merfolk Fighter began the quest for the
                  | Orb.
     0 | D:1      | Reached XP level 1. HP: 18/18 MP: 1/1
   256 | D:1      | Reached XP level 2. HP: 18/24 MP: 2/2
   722 | D:2      | Reached skill level 1 in Dodging
   757 | D:2      | Reached XP level 3. HP: 15/29 MP: 3/3
   956 | D:2      | Found a hide-covered altar of Uskayaw.
  1075 | D:2      | Reached skill level 4 in Polearms
  1216 | D:2      | Reached XP level 4. HP: 36/37 MP: 4/4
  1448 | D:2      | Found a runed translucent door.
  1449 | D:2      | Noticed Crazy Yiuf
  1703 | D:2      | HP: 1/37 [Crazy Yiuf/+4 quarterstaff of chaos (3)]
  1705 | D:2      | Gained mutation: You have a pair of small horns on your
                  | head. [potion of mutation]
  1705 | D:2      | Gained mutation: Potions are less effective at restoring
                  | your health. [potion of mutation]
  1705 | D:2      | Gained mutation: Your flesh is cold resistant. (rC+)
                  | [potion of mutation]
  1705 | D:2      | Gained mutation: You are robust. (+10% HP) [potion of
                  | mutation]
  1705 | D:2      | Succumbed to Crazy Yiuf's poison

Illustrated notes

Levels and vault maps discovered:
D:1:      minmay_arrival_shattered_statue, layout_loops_cross,
          minmay_misc_feat_chi
D:2:      layout_loops_cross, marbit_many_paths, uniq_crazy_yiuf_cottage

Skill      XL: |  1  2  3 |
---------------+----------+-----
Dodging        | 1 |  1.8
Polearms       | 4 |  4.3
Fighting       | |  3.7
Armour         | |  2.4
Shields        | |  3.4

Action                   |  1- 3 |  4- 6 || total
-------------------------+-------+-------++-------
Melee: Trident           |   110 |    23 ||   133
Throw: Throwing net      |     3 |       ||     3
  Use: Potion            |       |     3 ||     3
Armor: Scale mail        |    49 |     6 ||    55
Dodge: Dodged            |    48 |     3 ||    51
